| TOP OF THE 1ST |
|
Atlanta Braves batting - Pitching for New York Mets : RHP Brent Garland
|
|
Pitching: RHP Brent Garland
|
|
|
Batting: RHB Jeckel Hester
|
0-0: SOLO HOME RUN (Flyball, 9LD, EV 89.4 MPH), Distance : 338 ft
|
|
Batting: RHB Kevin Howard
|
0-0: Ball 1-0: Foul Ball, location: 2F 1-1: Ball 2-1: Ball 3-1: Base on Balls
|
|
Batting: SHB Terry Tuckfard
|
0-0: Ball 1-0: Called Strike 1-1: Ball 2-1: Swinging Strike 2-2: Strikes out swinging
|
|
Batting: RHB Rich Stinson
|
0-0: Grounds into double play, 5-4-3 (Groundball, 56, EV 82.5 MPH)
|
| Top of the 1st over - 1 run, 1 hit, 0 errors, 0 left on base; Atlanta 1 - New York 0 |
| BOTTOM OF THE 1ST |
|
New York Mets batting - Pitching for Atlanta Braves : RHP Casey Jones
|
|
Pitching: RHP Casey Jones
|
|
|
Batting: SHB Nelle van den Berg
|
0-0: Ball 1-0: Foul Ball, location: 2F 1-1: Fly out, F7 (Line Drive, 78M, EV 90.0 MPH)
|
|
Batting: LHB Kevin Bellman
|
0-0: Ball 1-0: Foul Ball, location: 2F 1-1: Called Strike 1-2: Foul Ball, location: 2F 1-2: Ball 2-2: Foul Ball, location: 2F 2-2: Ball 3-2: Foul Ball, location: 2F 3-2: Ground out U3 (Groundball, 34, EV 83.8 MPH)
|
|
Batting: SHB Sean Cook
|
0-0: Called Strike 0-1: Foul Ball, location: 2F 0-2: Ball 1-2: SINGLE (Groundball, 4MD, EV 95.6 MPH)
|
|
Batting: RHB Jeff Jank
|
0-0: Ball 1-0: Ball 2-0: Called Strike 2-1: SINGLE (Groundball, 34D, EV 98.8 MPH) Sean Cook to second Runner from 2nd tries for 3rd, SAFE, throw by RF made to third
|
|
Batting: RHB Billy Walker
|
0-0: Swinging Strike 0-1: Ball 1-1: Swinging Strike 1-2: Foul Ball, location: 2F 1-2: Strikes out swinging
|
| Bottom of the 1st over - 0 runs, 2 hits, 0 errors, 2 left on base; Atlanta 1 - New York 0 |
| TOP OF THE 2ND |
|
Atlanta Braves batting - Pitching for New York Mets : RHP Brent Garland
|
|
Batting: LHB David Bramble
|
0-0: Called Strike 0-1: Called Strike 0-2: Ball 1-2: Ball 2-2: Foul Ball, location: 2F 2-2: Foul Ball, location: 2F 2-2: SINGLE (Line Drive, 78S, EV 95.0 MPH)
|
|
Batting: RHB Xavier Davis
|
0-0: Grounds into double play, 4-6-3 (Groundball, 4, EV 100.6 MPH)
|
|
Batting: RHB Liangde Li
|
0-0: Foul Ball, location: 2F 0-1: Foul Ball, location: 2F 0-2: Strikes out looking
|
| Top of the 2nd over - 0 runs, 1 hit, 0 errors, 0 left on base; Atlanta 1 - New York 0 |
| BOTTOM OF THE 2ND |
|
New York Mets batting - Pitching for Atlanta Braves : RHP Casey Jones
|
|
Batting: SHB Roberto Magne
|
0-0: Foul Ball, location: 2F 0-1: Swinging Strike 0-2: Strikes out swinging
|
|
Batting: SHB Javy Rosa
|
0-0: Foul Ball, location: 2F 0-1: Ball 1-1: Ball 2-1: Foul Ball, location: 2F 2-2: Ball 3-2: Base on Balls
|
|
Batting: SHB Jason Larson
|
0-0: Called Strike 0-1: Called Strike 0-2: Strikes out swinging
|
|
Batting: RHB Mike Phillips
|
0-0: Ball Javy Rosa is caught stealing 2nd base 2-4
|
| Bottom of the 2nd over - 0 runs, 0 hits, 0 errors, 0 left on base; Atlanta 1 - New York 0 |
| TOP OF THE 3RD |
|
Atlanta Braves batting - Pitching for New York Mets : RHP Brent Garland
|
|
Batting: RHB Zheng-ze King
|
0-0: SOLO HOME RUN (Flyball, 89XD, EV 115.0 MPH), Distance : 431 ft
|
|
Batting: RHB Jared Speck
|
0-0: Fly out, F9 (Line Drive, 9, EV 91.9 MPH)
|
|
Batting: RHB Jeckel Hester
|
0-0: Called Strike 0-1: Ball 1-1: Ball 2-1: Foul Ball, location: 2F 2-2: Ball 3-2: Ground out 5-3 (Groundball, 56, EV 77.5 MPH)
|
|
Batting: RHB Kevin Howard
|
0-0: SINGLE (Groundball, 6MD, EV 108.8 MPH)
|
|
Batting: SHB Terry Tuckfard
|
0-0: Foul Ball, location: 2F 0-1: Ball 1-1: Fly out, F9 (Flyball, 89M, EV 83.1 MPH)
|
| Top of the 3rd over - 1 run, 2 hits, 0 errors, 1 left on base; Atlanta 2 - New York 0 |
| BOTTOM OF THE 3RD |
|
New York Mets batting - Pitching for Atlanta Braves : RHP Casey Jones
|
|
Batting: RHB Mike Phillips
|
0-0: Called Strike 0-1: Swinging Strike 0-2: SINGLE (Groundball, 56S, EV 61.2 MPH) (infield hit)
|
|
Pitching: RHP Omar Orosco
|
|
|
Batting: SHB Nelle van den Berg
|
0-0: SINGLE (Groundball, 4D, EV 103.8 MPH) Mike Phillips to second
|
|
Batting: LHB Kevin Bellman
|
0-0: Ball 1-0: Ball 2-0: Foul Ball, location: 2F 2-1: Ball 3-1: Swinging Strike 3-2: Foul Ball, location: 2F 3-2: Base on Balls Mike Phillips to third Nelle van den Berg to second
|
|
Batting: SHB Sean Cook
|
0-0: Ball 1-0: Foul Ball, location: 2F 1-1: Foul Ball, location: 2F 1-2: GRAND SLAM HOME RUN (Flyball, 9D, EV 95.6 MPH), Distance : 374 ft
|
|
Pitching: RHP Carlos Dominguez
|
|
|
Batting: RHB Jeff Jank
|
0-0: Foul Ball, location: 2F 0-1: Ball 1-1: Fly out, F8 (Flyball, 89M, EV 93.1 MPH)
|
|
Batting: RHB Billy Walker
|
0-0: Ball 1-0: Called Strike 1-1: SINGLE (Line Drive, 8LS, EV 93.1 MPH)
|
|
Batting: SHB Roberto Magne
|
0-0: Ball 1-0: Hit by Pitch Billy Walker to second
|
|
Batting: SHB Javy Rosa
|
0-0: Ball 1-0: Ball 2-0: Called Strike 2-1: Foul Ball, location: 2F 2-2: Ball 3-2: Base on Balls Billy Walker to third Roberto Magne to second
|
|
Batting: SHB Jason Larson
|
0-0: Ball 1-0: Ball 2-0: Grounds into double play, 4-6-3 (Groundball, 4, EV 110.6 MPH)
|
| Bottom of the 3rd over - 4 runs, 4 hits, 0 errors, 2 left on base; Atlanta 2 - New York 4 |
| TOP OF THE 4TH |
|
Atlanta Braves batting - Pitching for New York Mets : RHP Brent Garland
|
|
Batting: RHB Rich Stinson
|
0-0: Ball 1-0: Ball 2-0: Called Strike 2-1: Foul Ball, location: 2F 2-2: Ball 3-2: Base on Balls
|
|
Pitching: RHP Robbie Beerbower
|
|
|
Batting: LHB David Bramble
|
0-0: Ball 1-0: Ball 2-0: Called Strike 2-1: Fly out, F9 (Line Drive, 9S, EV 98.1 MPH)
|
|
Batting: RHB Xavier Davis
|
0-0: Ball Rich Stinson steals 2nd base 1-0: Foul Ball, location: 2F 1-1: Foul Ball, location: 2F 1-2: Fly out, F5 (Popup, 5SF, EV 73.1 MPH)
|
|
Batting: RHB Liangde Li
|
0-0: Ground out 5-3 (Groundball, 56, EV 85.0 MPH)
|
| Top of the 4th over - 0 runs, 0 hits, 0 errors, 1 left on base; Atlanta 2 - New York 4 |
| BOTTOM OF THE 4TH |
|
New York Mets batting - Pitching for Atlanta Braves : RHP Carlos Dominguez
|
|
Pitching: RHP Gordon Cushing
|
|
|
Batting: RHB Mike Phillips
|
0-0: Ball 1-0: Called Strike 1-1: Foul Ball, location: 2F 1-2: Fly out, F7 (Line Drive, 7, EV 108.1 MPH)
|
|
Pinch Hitting: RHB Drtian Thaqi
|
0-0: Foul Ball, location: 2F 0-1: Ball 1-1: Called Strike 1-2: Ball 2-2: Strikes out swinging
|
|
Batting: LHB Kevin Bellman
|
0-0: Foul Ball, location: 2F 0-1: Swinging Strike 0-2: Ball 1-2: Fly out, F8 (Line Drive, 8RD, EV 90.0 MPH)
|
| Bottom of the 4th over - 0 runs, 0 hits, 0 errors, 0 left on base; Atlanta 2 - New York 4 |
| TOP OF THE 5TH |
|
Atlanta Braves batting - Pitching for New York Mets : RHP Robbie Beerbower
|
|
Pitching: LHP Chris Thurner
|
|
|
Now at SS: Drtian Thaqi
|
|
|
Batting: RHB Zheng-ze King
|
0-0: Ball 1-0: Ball 2-0: Foul Ball, location: 2F 2-1: Foul Ball, location: 2F 2-2: Ball 3-2: Base on Balls
|
|
Batting: RHB Jared Speck
|
0-0: Called Strike 0-1: Swinging Strike 0-2: Strikes out swinging
|
|
Pinch Hitting: RHB J.J. Powers
|
0-0: Ball 1-0: Called Strike Pickoff Throw to First - Out! 1-3 1-1: Ball 2-1: Ball 3-1: Foul Ball, location: 2F 3-2: Foul Ball, location: 2F 3-2: Strikes out swinging
|
| Top of the 5th over - 0 runs, 0 hits, 0 errors, 0 left on base; Atlanta 2 - New York 4 |
| BOTTOM OF THE 5TH |
|
New York Mets batting - Pitching for Atlanta Braves : RHP Gordon Cushing
|
|
Now at 2B: J.J. Powers
|
|
|
Now at 3B: Kevin Howard
|
|
|
Now in LF: Erik Coleman
|
|
|
Pinch Hitting: RHB Finn Ross
|
0-0: Ball 1-0: SINGLE (Line Drive, 6M, EV 94.4 MPH)
|
|
Batting: RHB Jeff Jank
|
0-0: Called Strike 0-1: Ball 1-1: Ball 2-1: Ball 3-1: Foul Ball, location: 2F 3-2: Foul Ball, location: 2F 3-2: Foul Ball, location: 2F 3-2: Foul Ball, location: 2F 3-2: Base on Balls Finn Ross to second
|
|
DELAY
|
Rain delay of 22 minutes in the 5th inning.
|
|
Batting: RHB Jordan Fairburn
|
0-0: Ball 1-0: Called Strike 1-1: Ball 2-1: Ball 3-1: Foul Ball, location: 2F 3-2: Strikes out swinging
|
|
Pinch Hitting: RHB Josh Jones
|
0-0: Ball 1-0: Ball 2-0: Called Strike 2-1: Ball 3-1: Base on Balls Finn Ross to third Jeff Jank to second
|
|
Batting: SHB Javy Rosa
|
0-0: Fly out, F7 (Flyball, 7S, EV 96.9 MPH)
|
|
Batting: SHB Jason Larson
|
0-0: Ball 1-0: Ball 2-0: Called Strike 2-1: Fielders Choice at 2nd, 6-4 (Groundball, 6, EV 91.2 MPH)
|
| Bottom of the 5th over - 0 runs, 1 hit, 0 errors, 3 left on base; Atlanta 2 - New York 4 |
| TOP OF THE 6TH |
|
Atlanta Braves batting - Pitching for New York Mets : LHP Chris Thurner
|
|
Pitching: LHP Jonathan Gendron
|
|
|
Now at 2B: Josh Jones
|
|
|
Now in RF: Finn Ross
|
|
|
Pinch Hitting: RHB Tade Post
|
0-0: Ball 1-0: Ball 2-0: Ground out 4-3 (Groundball, 4, EV 101.2 MPH)
|
|
Batting: SHB Terry Tuckfard
|
0-0: Called Strike 0-1: Foul Ball, location: 2F 0-2: Ball 1-2: Strikes out swinging, 2-3 out at first.
|
|
Batting: RHB Erik Coleman
|
0-0: Ball 1-0: Ball 2-0: Ball 3-0: Called Strike 3-1: Base on Balls
|
|
Batting: RHB Ike Trout
|
0-0: Swinging Strike 0-1: Ball 1-1: Ball 2-1: Called Strike 2-2: Ball 3-2: Foul Ball, location: 2F 3-2: Foul Ball, location: 2F 3-2: Base on Balls Erik Coleman to second
|
|
Pinch Hitting: RHB Jordan Martin
|
0-0: Ball 1-0: Fly out, F9 (Flyball, 9D, EV 90.6 MPH)
|
| Top of the 6th over - 0 runs, 0 hits, 0 errors, 2 left on base; Atlanta 2 - New York 4 |
| BOTTOM OF THE 6TH |
|
New York Mets batting - Pitching for Atlanta Braves : RHP Gordon Cushing
|
|
Pitching: RHP Damian Molina
|
|
|
Now at C: Art D'Ascenzo
|
|
|
Now at 1B: Jordan Martin
|
|
|
Now at 3B: Tade Post
|
|
|
Batting: RHB Mike Phillips
|
0-0: Ball 1-0: Called Strike 1-1: Foul Ball, location: 2F 1-2: Ball 2-2: Foul Ball, location: 2F 2-2: Ball 3-2: Base on Balls
|
|
Batting: RHB Drtian Thaqi
|
0-0: Fly out, F8 (Flyball, 8RXD, EV 104.4 MPH)
|
|
Batting: LHB Kevin Bellman
|
0-0: Called Strike 0-1: Ball 1-1: SINGLE (Groundball, 25, EV 64.4 MPH) (infield hit) Mike Phillips to second
|
|
Batting: RHB Finn Ross
|
0-0: Called Strike 0-1: Foul Ball, location: 2F 0-2: Foul Ball, location: 2F 0-2: Strikes out swinging
|
|
Batting: RHB Jeff Jank
|
0-0: Ball 1-0: Ball 2-0: Ball 3-0: Called Strike 3-1: Swinging Strike 3-2: Base on Balls Mike Phillips to third Kevin Bellman to second
|
|
Batting: RHB Jordan Fairburn
|
0-0: Ball 1-0: Ground out 5-3 (Groundball, 56S, EV 83.1 MPH)
|
| Bottom of the 6th over - 0 runs, 1 hit, 0 errors, 3 left on base; Atlanta 2 - New York 4 |
| TOP OF THE 7TH |
|
Atlanta Braves batting - Pitching for New York Mets : LHP Jonathan Gendron
|
|
Pitching: RHP David Anzaldua
|
|
|
Pinch Hitting: LHB Erik Gretzky
|
0-0: Ball 1-0: Ball 2-0: Ball 3-0: Base on Balls
|
|
Pinch Hitting: RHB Alex Munoz
|
0-0: Ball 1-0: Called Strike 1-1: SINGLE (Line Drive, 4D, EV 98.1 MPH) Erik Gretzky to second Runner from 2nd tries for 3rd, SAFE, throw by CF made to third
|
|
Pinch Hitting: LHB Luis Magdaleno
|
0-0: Fly out, F9 (Flyball, 9S, EV 91.2 MPH)
|
|
Batting: RHB J.J. Powers
|
0-0: Ball Alex Munoz steals 2nd base 1-0: Ball 2-0: 3-RUN HOME RUN (Flyball, 78XD, EV 115.6 MPH), Distance : 452 ft
|
|
Pitching: RHP Andy Reinhardt
|
|
|
Batting: RHB Tade Post
|
0-0: Foul Ball, location: 2F 0-1: Ball 1-1: Ball 2-1: Swinging Strike 2-2: Strikes out swinging
|
|
Batting: LHB Art D'Ascenzo
|
0-0: Called Strike 0-1: Foul Ball, location: 2F 0-2: Strikes out swinging
|
| Top of the 7th over - 3 runs, 2 hits, 0 errors, 0 left on base; Atlanta 5 - New York 4 |
| BOTTOM OF THE 7TH |
|
New York Mets batting - Pitching for Atlanta Braves : RHP Damian Molina
|
|
Pitching: RHP Nate Bixler
|
|
|
Now at SS: Alex Munoz
|
|
|
Now in CF: Erik Gretzky
|
|
|
Now in RF: Luis Magdaleno
|
|
|
Batting: RHB Josh Jones
|
0-0: Ball 1-0: Called Strike 1-1: Ground out 3-1 (Groundball, 34D, EV 99.4 MPH)
|
|
Batting: SHB Javy Rosa
|
0-0: Called Strike 0-1: Ball 1-1: Foul Ball, location: 2F 1-2: Ground out 6-3 (Groundball, 6, EV 86.9 MPH)
|
|
Batting: SHB Jason Larson
|
0-0: Ball 1-0: Ball 2-0: Ball 3-0: Called Strike 3-1: Base on Balls
|
|
Batting: RHB Mike Phillips
|
0-0: Ball Jason Larson steals 2nd base 1-0: Ball 2-0: Ball Wild Pitch! Jason Larson to third 3-0: Base on Balls
|
|
Batting: RHB Drtian Thaqi
|
0-0: Swinging Strike 0-1: Foul Ball, location: 2F 0-2: Ball 1-2: Foul Ball, location: 2F 1-2: Foul Ball, location: 2F 1-2: Foul Ball, location: 2F 1-2: 3-RUN HOME RUN (Flyball, 7D, EV 107.5 MPH), Distance : 408 ft
|
|
Pitching: RHP Greg Hart
|
|
|
Batting: LHB Kevin Bellman
|
0-0: Ball 1-0: Ball 2-0: Swinging Strike 2-1: Ball 3-1: Foul Ball, location: 2F 3-2: SINGLE (Flyball, 9S, EV 82.5 MPH)
|
|
Batting: RHB Finn Ross
|
0-0: Ball Kevin Bellman steals 2nd base (no throw) 1-0: Ball 2-0: Foul Ball, location: 2F 2-1: Ball 3-1: TRIPLE (Flyball, 78XD, EV 93.8 MPH) Kevin Bellman scores
|
|
Batting: RHB Jeff Jank
|
0-0: Ball 1-0: Ground out 4-3 (Groundball, 4, EV 91.2 MPH)
|
| Bottom of the 7th over - 4 runs, 3 hits, 0 errors, 1 left on base; Atlanta 5 - New York 8 |
| TOP OF THE 8TH |
|
Atlanta Braves batting - Pitching for New York Mets : RHP Andy Reinhardt
|
|
Pitching: RHP Justin Overlie
|
|
|
Batting: RHB Erik Coleman
|
0-0: Swinging Strike 0-1: Swinging Strike 0-2: Strikes out looking
|
|
Batting: RHB Ike Trout
|
0-0: Called Strike 0-1: SINGLE (Groundball, 6MS, EV 64.4 MPH) (infield hit)
|
|
Batting: RHB Jordan Martin
|
0-0: Ball 1-0: Ball 2-0: Reached on error, E6 (Groundball, 6, EV 92.5 MPH) Ike Trout to second
|
|
Batting: LHB Erik Gretzky
|
0-0: Ball 1-0: Fly out, F8 (Flyball, 8LXD, EV 92.5 MPH) Runner from 2nd tags up, SAFE at 3rd, no throw by CF
|
|
Batting: RHB Alex Munoz
|
0-0: Swinging Strike 0-1: Ball 1-1: Called Strike 1-2: Strikes out looking
|
| Top of the 8th over - 0 runs, 1 hit, 1 error, 2 left on base; Atlanta 5 - New York 8 |
| BOTTOM OF THE 8TH |
|
New York Mets batting - Pitching for Atlanta Braves : RHP Greg Hart
|
|
Pitching: RHP Andy Kiefer
|
|
|
Batting: RHB Jordan Fairburn
|
0-0: Called Strike 0-1: Ball 1-1: Fly out, F8 (Flyball, 8RM, EV 98.1 MPH)
|
|
Batting: RHB Josh Jones
|
0-0: Ball 1-0: Called Strike 1-1: Ground out 2-3 (Groundball, 2L, EV 65.0 MPH)
|
|
Batting: SHB Javy Rosa
|
0-0: Ground out 4-3 (Groundball, 4, EV 91.2 MPH)
|
| Bottom of the 8th over - 0 runs, 0 hits, 0 errors, 0 left on base; Atlanta 5 - New York 8 |
| TOP OF THE 9TH |
|
Atlanta Braves batting - Pitching for New York Mets : RHP Justin Overlie
|
|
Pitching: RHP Brian Wood
|
|
|
Batting: LHB Luis Magdaleno
|
0-0: Called Strike 0-1: Ball 1-1: Called Strike 1-2: Ball 2-2: Ball 3-2: SOLO HOME RUN (Flyball, 9D, EV 94.4 MPH), Distance : 371 ft
|
|
Pinch Hitting: RHB John Peterson
|
0-0: Ball 1-0: Ball 2-0: Called Strike 2-1: Called Strike 2-2: Fly out, F9 (Flyball, 9S, EV 92.5 MPH)
|
|
Batting: RHB Tade Post
|
0-0: Ball 1-0: Swinging Strike 1-1: Called Strike 1-2: Strikes out looking
|
|
Batting: LHB Art D'Ascenzo
|
0-0: Called Strike 0-1: Ball 1-1: Foul Ball, location: 2F 1-2: Strikes out swinging
|
| Top of the 9th over - 1 run, 1 hit, 0 errors, 0 left on base; Atlanta 6 - New York 8 |
|